 Dungeon Crawl Stone Soup version 0.30-a0-122-g2a1322497e (webtiles) character file.

Game seed: 14449627342494607144

21413 droid the Fencer (level 12, 0/112 HPs)
             Began as a Minotaur Berserker on Sept 16, 2022.
             Was a High Priest of Trog.
             Shot with an arrow by Nessos (15 damage)
             ... on level 13 of the Dungeon.
             The game lasted 00:16:20 (10487 turns).

droid the Fencer (Minotaur Berserker)              Turns: 10487, Time: 00:16:21

Health: 0/112      AC: 18    Str: 26    XL:     12   Next: 54%
Magic:  11/11      EV:  9    Int:  4    God:    Trog [*****.]
Gold:   647        SH:  5    Dex: 17    Spells: 11/11 levels left

rFire   . . .      SeeInvis +    i - +8 demon blade "Leech" {vamp, Harm Drain rN+}
rCold   . . .      Faith    .    h - +0 buckler
rNeg    + . .      Spirit   .    v - +0 chain mail
rPois   .          Reflect  .    (helmet restricted)
rElec   .          Harm     +    (no cloak)
rCorr   .          Rampage  .    Q - +2 pair of gloves
Will    .....                    C - +1 pair of boots {Stlth+}
Stlth   ..........               (no amulet)
HPRegen 0.28/turn                d - ring of see invisible
MPRegen 0.12/turn                l - +6 ring of dexterity

@: lethally poisoned (0 -> -36)
A: horns 2, retaliatory headbutt
a: Renounce Religion, Berserk, Trog's Hand, Brothers in Arms


You were on level 13 of the Dungeon.
You worshipped Trog.
Trog was extremely pleased with you.
You visited 2 branches of the dungeon, and saw 14 of its levels.

You collected 669 gold pieces.
You spent 22 gold pieces at shops.

Inventory:

Hand Weapons
 i - the +8 demon blade "Leech" (weapon) {vamp, Harm Drain rN+}
   (You found it on level 2 of the Dungeon)

   It heals its wielder for a portion of the damage dealt every time it strikes
   a living foe.
   rN:        It protects you from negative energy.
   Drain:     It drains your maximum health when unequipped.
   Harm:      It increases damage dealt and taken.
 E - a +2 vorpal great sword
 K - a +5 long sword
 P - the +5 spear "Demon's Regret" {drain, Drain rElec rF+++ rC+}
   (You found it on level 11 of the Dungeon)

   A truly terrible weapon, it drains the life of any living foe it strikes.
   rF:        It renders you almost immune to fire.
   rC:        It protects you from cold.
   rElec:     It insulates you from electricity.
   Drain:     It drains your maximum health when unequipped.
Armour
 h - a +0 buckler (worn)
 v - a +0 chain mail (worn)
 C - a +1 pair of boots of stealth (worn)
 Q - a +2 pair of gloves (worn)
Jewellery
 d - a ring of see invisible (left hand)
 l - a +6 ring of dexterity (right hand)
 t - a +6 ring of intelligence
 G - a +4 ring of evasion
 J - an amulet of guardian spirit
 M - a ring of protection from cold
Wands
 x - a wand of flame (48)
 B - a wand of polymorph (6)
 D - a wand of acid (10)
 N - a wand of roots (1)
Scrolls
 c - a scroll of summoning {unknown}
 e - 3 scrolls of poison
 g - 2 scrolls of vulnerability {unknown}
 j - 4 scrolls of enchant weapon
 k - a scroll of brand weapon {unknown}
 m - 2 scrolls of enchant armour
 o - 3 scrolls of fog
 p - 5 scrolls of teleportation
 q - 2 scrolls of blinking {unknown}
 r - a scroll of immolation {unknown}
 s - 3 scrolls of amnesia {unknown}
 u - a scroll of noise {unknown}
 y - 3 scrolls of fear {unknown}
 H - a scroll of magic mapping {unknown}
 O - a scroll of torment {unknown}
Potions
 a - 7 potions of curing
 b - 2 potions of mutation {unknown}
 f - 3 potions of degeneration
 w - 2 potions of lignification {unknown}
 z - 2 potions of attraction {unknown}
 A - 3 potions of haste
 F - a potion of resistance {unknown}
 I - a potion of might {unknown}
 L - 2 potions of cancellation {unknown}


   Skills:
 + Level 12.2 Fighting
 - Level 18.0 Long Blades
 - Level 5.1 Axes
 + Level 11.5 Armour
 - Level 2.1 Dodging
 + Level 4.1 Shields


You had 11 spell levels left.
You didn't know any spells.
Your spell library was empty.

Dungeon Overview and Level Annotations

Branches:
Dungeon (13/15)            Temple (1/1) D:6            Lair (0/5) D:8
    Orc (0/2) D:9
 Vaults: D:13-14

Altars:
Ashenzari
Cheibriados
Dithmenos
Elyvilon
Fedhas
Gozag
Hepliaklqana
Kikubaaqudgha
Makhleb
Nemelex Xobeh
Okawaru
Qazlal
Ru
Sif Muna
Trog
Uskayaw
Vehumet
Wu Jian
Xom
Yredelemnul
Zin
The Shining One

Shops:
D:4 :   D:7 *

Annotations:
D:13 Nessos


Innate Abilities, Weirdness & Mutations

You have a pair of horns on your head.
You reflexively headbutt those who attack you in melee.


Message History

Found 4 large rocks.
No target in view!
Nessos the Markscentaur comes into view.
Nessos shouts!
You hear a roar!
Nessos casts a spell.
Nessos blinks!
Nessos wields a +2 longbow of flaming.
It bursts into flame!
Nessos shoots an arrow.
The arrow hits you! The arrow burns you.
You are poisoned.
You feel very sick.
Nessos shoots an arrow.
You block the arrow.
You feel very sick.
Nessos shoots an arrow.
The arrow hits you. The arrow burns you.
You are more poisoned.
Nessos is nearby!
You feel very sick.
Nessos casts a spell.
Nessos blinks!
Nessos shoots an arrow.
The arrow hits you!! The arrow burns you.
You are more poisoned.
Nessos is nearby!
Nessos is nearby!
Found a stone staircase leading up.
You feel extremely sick.
Nessos shoots an arrow.
The arrow hits you! The arrow burns you.
You are too injured to fight recklessly!
You are too injured to fight recklessly!
* * * LOW HITPOINT WARNING * * *
You feel extremely sick.
Nessos shoots an arrow.
The arrow hits you!
* * * LOW HITPOINT WARNING * * *
The arrow burns you.
You are more poisoned.
* * * LOW HITPOINT WARNING * * *
Nessos casts a spell.
Nessos blinks!
You feel much better.
* * * LOW HITPOINT WARNING * * *
You feel extremely sick.
Nessos shoots an arrow.
The arrow hits you!
You die...

.........
.......(........
.....ยง.........#
...............#
...............###
...c..(..........##
..................#
..............<...#
###....@.........#
..........###....##
....####..#....###
<.. #.........# #
#.........#
#.^#..........
#..##..#...##.. #.#
#.##.#... . #.
#....####.


You could see Nessos.

Vanquished Creatures
  Kirke (D:12)
  Fannar (D:12)
  A boulder beetle (D:12)
  3 two-headed ogres
  The ghost of ytrimaz the Transmogrifier, a novice OpTm of Gozag (D:9)
  3 skeletal warriors (D:12)
  2 wizards (D:10)
  2 deep elf pyromancers (D:10)
  A manticore (D:12)
  4 cyclopes
  7 slime creatures (D:12)
  A komodo dragon (D:11)
  The ghost of Lance11888 the Insei, a novice OpTm of the Shining One (D:5)
  A kobold demonologist (D:9)
  2 trolls
  A hornet (D:8)
  A wyvern (D:10)
  A ynoxinul (D:9)
  A basilisk (D:12)
  22 yaks
  2 hogs (D:12)
  A steam dragon (D:9)
  2 vampire mosquitoes (D:12)
  An acid dragon (D:11)
  Duvessa (D:5)
  3 orc warriors
  A water moccasin (D:7)
  A black bear (D:7)
  2 ice beasts
  An ogre (D:7)
  2 phantoms
  5 centaurs
  2 kobold brigands
  2 scorpions
  6 bullfrogs
  2 gnoll sergeants
  2 necrophages
  8 wights
  Dowan (D:5)
  8 killer bees
  13 howler monkeys
  2 hounds
  6 orc priests
  2 jellies
  An iguana (D:5)
  7 orc wizards
  11 gnolls
  7 adders
  2 shadow imps
  An ufetubus (D:5)
  A worm (D:2)
  3 dart slugs
  27 orcs
  7 endoplasms
  A giant cockroach (D:1)
  10 hobgoblins
  8 jackals
  3 quokkas
  5 ball pythons
  5 bats
  4 frilled lizards
  14 goblins
  15 kobolds
  6 rats
271 creatures vanquished.

Vanquished Creatures (others)
  4 fungi (D:5)
  3 plants (D:9)
7 creatures vanquished.

Grand Total: 278 creatures vanquished

Notes
Turn   | Place    | Note
-------+----------+-------------------------------------------
     0 | D:1      | droid the Minotaur Berserker began the quest for the Orb.
     0 | D:1      | Reached XP level 1. HP: 19/19 MP: 0/0
   112 | D:1      | Reached XP level 2. HP: 21/27 MP: 1/1
   334 | D:1      | Reached ** piety under Trog
   848 | D:2      | Reached XP level 3. HP: 33/33 MP: 2/2
   862 | D:2      | Found the +8 demon blade "Leech" {vamp, Harm Drain rN+}
   920 | D:2      | Reached skill level 5 in Axes
  1218 | D:2      | Reached XP level 4. HP: 41/41 MP: 3/3
  1695 | D:3      | Reached skill level 1 in Long Blades
  1750 | D:3      | Reached skill level 2 in Long Blades
  1814 | D:3      | You fall into a shaft and drop 1 floor!
  1831 | D:4      | Found a large runed translucent door.
  1832 | D:4      | Found a large runed translucent door.
  1935 | D:4      | Reached XP level 5. HP: 47/47 MP: 4/4
  1950 | D:4      | Reached skill level 3 in Long Blades
  2102 | D:4      | Reached *** piety under Trog
  2134 | D:3      | Reached skill level 4 in Long Blades
  2665 | D:4      | Reached XP level 6. HP: 55/55 MP: 5/5
  2665 | D:4      | Found an iron altar of Okawaru.
  2833 | D:4      | Found a hide-covered altar of Uskayaw.
  2833 | D:4      | Noticed a +0 falchion
  2833 | D:4      | Noticed a +0 spear
  2835 | D:4      | Noticed a +0 falchion
  2836 | D:4      | Noticed a +0 dagger
  2836 | D:4      | Noticed a +0 short sword
  2837 | D:4      | Noticed a +0 spear
  2837 | D:4      | Noticed a +0 short sword
  2838 | D:4      | Noticed a +0 dagger
  2861 | D:4      | Reached skill level 5 in Long Blades
  2967 | D:4      | Found Ynis Bog's Book Shoppe.
  3117 | D:4      | Found a shimmering blue altar of Sif Muna.
  3124 | D:4      | Found an ornate altar of the Wu Jian Council.
  3127 | D:4      | Reached **** piety under Trog
  3583 | D:5      | Entered Level 5 of the Dungeon
  3606 | D:5      | Found a runed translucent gate.
  3606 | D:5      | Found a runed translucent gate.
  3606 | D:5      | Found a runed translucent gate.
  3606 | D:5      | Noticed Lance11888's ghost (novice OpTm)
  3610 | D:5      | Reached skill level 5 in Fighting
  3640 | D:5      | Noticed Duvessa
  3640 | D:5      | Noticed Dowan
  3643 | D:5      | Reached skill level 6 in Long Blades
  3647 | D:5      | Killed Duvessa
  3648 | D:5      | Reached XP level 7. HP: 51/61 MP: 6/6
  3655 | D:5      | Killed Dowan
  3656 | D:5      | Reached skill level 7 in Long Blades
  3858 | D:5      | Noticed a yak
  3859 | D:5      | Noticed a yak
  3860 | D:5      | Noticed a yak
  3862 | D:5      | Noticed a yak
  3871 | D:5      | Killed a yak
  3873 | D:5      | Killed a yak
  3874 | D:5      | Reached skill level 8 in Long Blades
  3875 | D:5      | Killed a yak
  3876 | D:5      | Reached XP level 8. HP: 54/69 MP: 7/7
  3877 | D:5      | Reached skill level 9 in Long Blades
  4110 | D:5      | Reached skill level 10 in Long Blades
  4110 | D:5      | Reached skill level 5 in Armour
  4218 | D:5      | Killed Lance11888's ghost
  4358 | D:6      | Found a staircase to the Ecumenical Temple.
  4375 | D:6      | Reached skill level 11 in Long Blades
  4545 | D:6      | Reached XP level 9. HP: 70/77 MP: 8/8
  4614 | D:6      | Found a white marble altar of Elyvilon.
  4877 | Temple   | Entered the Ecumenical Temple
  4995 | D:7      | Found Gifuafr Peam's General Store.
  5051 | D:7      | Reached skill level 12 in Long Blades
  5516 | D:7      | Bought a scroll of identify for 22 gold pieces
  5897 | D:8      | Reached skill level 13 in Long Blades
  6118 | D:8      | Found a staircase to the Lair.
  6199 | D:8      | Paralysed by a hornet for 2 turns
  6515 | D:9      | Noticed a kobold demonologist
  6524 | D:9      | Killed a kobold demonologist
  6525 | D:9      | Reached skill level 1 in Shields
  6525 | D:9      | Reached XP level 10. HP: 86/86 MP: 9/9
  6578 | D:9      | Noticed ytrimaz's ghost (novice OpTm)
  6604 | D:9      | Found a staircase to the Orcish Mines.
  6748 | D:9      | Reached skill level 14 in Long Blades
  7073 | D:9      | Found a runed translucent door.
  7525 | D:9      | Killed ytrimaz's ghost
  7726 | D:10     | Entered Level 10 of the Dungeon
  7774 | D:10     | Noticed a deep elf pyromancer
  7774 | D:10     | Noticed a wizard
  7776 | D:10     | Noticed a wizard
  7779 | D:10     | Killed a wizard
  7781 | D:10     | Killed a deep elf pyromancer
  7782 | D:10     | Reached skill level 15 in Long Blades
  7785 | D:10     | Killed a wizard
  7786 | D:10     | Noticed a deep elf pyromancer
  7791 | D:10     | Killed a deep elf pyromancer
  7812 | D:10     | Reached XP level 11. HP: 95/95 MP: 10/10
  7901 | D:10     | Found a blossoming altar of Fedhas.
  7943 | D:10     | Noticed a two-headed ogre
  7953 | D:10     | Killed a two-headed ogre
  8058 | D:10     | Found an opulent altar of Gozag.
  8114 | D:10     | Reached skill level 16 in Long Blades
  8243 | D:10     | Noticed a two-headed ogre
  8248 | D:10     | Killed a two-headed ogre
  8248 | D:10     | Reached ***** piety under Trog
  8578 | D:11     | Identified the +5 spear "Demon's Regret" {drain, Drain
                  | rElec rF+++ rC+}
  8598 | D:11     | Reached skill level 10 in Fighting
  8656 | D:11     | Noticed a two-headed ogre
  8664 | D:11     | Reached skill level 10 in Armour
  8666 | D:11     | Killed a two-headed ogre
  9411 | D:12     | Noticed Fannar
  9430 | D:12     | Killed Fannar
  9431 | D:12     | Reached skill level 17 in Long Blades
  9516 | D:12     | Reached XP level 12. HP: 110/110 MP: 11/11
  9572 | D:12     | Noticed Kirke
  9583 | D:12     | Killed Kirke
  9861 | D:12     | Received a gift from Trog
 10212 | D:12     | Noticed a boulder beetle
 10228 | D:12     | Killed a boulder beetle
 10229 | D:12     | Reached skill level 18 in Long Blades
 10481 | D:13     | Noticed Nessos
 10486 | D:13     | HP: 3/112 [Nessos/arrow (7)]
 10487 | D:13     | Shot with an arrow by Nessos

Illustrated notes

Levels and vault maps discovered:
D:1:      ncdulo_wetmaze, layout_rooms, shapermc_ecumenical_altar_petra
D:2:      layout_rooms, hangedman_decor_riveting
D:3:      layout_loops_corners, grunt_ministairs_3
D:4:      layout_cave_pods, nicolae_uskayaw_en_pointe, jmf_multi_god_temple2,
          okawaru_altar_gauntlet_db, serial_shops, shop_statue,
          minmay_goblin_outpost
D:5:      layout_basic, gammafunk_ghost_nasty_kobolds, uniq_duvessa
D:6:      layout_cave_pools, kennysheep_little_box, temple_fountains
D:7:      layout_basic, serial_shops, nicolae_inconvenience_store
D:8:      layout_gridville, lair_entry_dummy
D:9:      layout_loops_cross, orc_0_dummy, hellmonk_ghost_big_iron,
          hangedman_abyss_or_decor_clamps
D:10:     layout_roguey, fedhas_ov_isle_minmay, nicolae_gozag_seed_capital,
          minivault_26, bh_hangedman_babel_library
D:11:     layout_cave_pools
D:12:     layout_loops_ring, uniq_fannar, uniq_kirke
D:13:     layout_cave_pools, david_vaults_4, gammafunk_ghost_hive,
          grunt_ministairs_15, uniq_nessos, uniq_azrael
Temple:   hellmonk_temple_two_chambers

Skill      XL: |  1  2  3  4  5  6  7  8  9 10 11 12 |
---------------+-------------------------------------+-----
Axes           | 4 5 |  5.1
Fighting       | 4 5 6 7 8 11 12 | 12.2
Long Blades    | 2 4 6 8 11 13 15 17 18 | 18.0
Armour         | 3 4 5 7 8 10 11 | 11.5
Shields        | 1 2 3 4 |  4.1
Dodging        | |  2.1

Action                   |  1- 3 |  4- 6 |  7- 9 | 10-12 || total
-------------------------+-------+-------+-------+-------++-------
Melee: Hand axe          |    63 |       |       |       ||    63
       Headbutt          |     9 |     7 |    24 |    63 ||   103
       Demon blade       |    10 |    91 |   142 |   304 ||   547
       Punch             |       |     1 |     2 |       ||     3
Invok: Berserk           |       |       |     2 |     7 ||     9
       Trog's Hand       |       |       |     2 |     1 ||     3
  Use: Scroll            |       |     4 |     3 |     2 ||     9
       Potion            |       |       |       |     2 ||     2
Armor: Animal skin       |     6 |       |       |       ||     6
       Ring mail         |    15 |    29 |    14 |       ||    58
       Chain mail        |       |       |    49 |    80 ||   129
Dodge: Dodged            |    47 |    62 |    44 |    85 ||   238
Block: Buckler           |       |       |    10 |    51 ||    61

Table legend: (Time is in decaauts)
 A = Elapsed time spent in this place.
 B = Non-inter-level travel time spent in this place.
 C = Inter-level travel time spent in this place.
 D = Time resting spent in this place.
 E = Time spent auto-exploring this place.
 F = Levels seen in this place.
 G = Mean time per level.
                   A        B        C        D        E       F      G
               +--------+--------+--------+--------+--------+-----+--------+
         Total |  10445 |   9458 |    987 |    718 |   7374 |  14 |  746.1 |
       Dungeon |  10398 |   9444 |    954 |    718 |   7364 |  13 |  799.8 |
        Temple |     46 |     13 |     33 |      0 |     10 |   1 |   46.0 |
               +--------+--------+--------+--------+--------+-----+--------+

Top non-repeatable levels by time:
     D:4: 1396 daAuts
    D:12: 1278 daAuts
     D:9: 1232 daAuts
     D:3: 922 daAuts
     D:8: 902 daAuts
     D:1: 854 daAuts
    D:10: 825 daAuts
     D:5: 784 daAuts
     D:7: 633 daAuts
    D:11: 594 daAuts
     D:6: 533 daAuts
     D:2: 432 daAuts
  Temple: 46 daAuts
    D:13: 9 daAuts
